 Dungeon Crawl Stone Soup version 0.29-a0-416-g83a48905f1 (webtiles) character file.

Game seed: 18031146510304973758

67 siradein the Shooter (level 3, -5/20 HPs)
             Began as a Deep Elf Hunter on May 16, 2022.
             Slain by Terence
             ... wielding a +0 trident
              (8 damage)
             ... on level 2 of the Dungeon.
             The game lasted 00:03:45 (1626 turns).

siradein the Shooter (Deep Elf Hunter)              Turns: 1626, Time: 00:03:46

Health: -5/20      AC:  3    Str:  8    XL:     3   Next: 98%
Magic:  5/5        EV: 12    Int: 13    God:
Gold:   24         SH:  0    Dex: 20    Spells: 2/2 levels left

rFire   . . .      SeeInvis .   i - +2 dagger (venom)
rCold   . . .      Faith    .   (no shield)
rNeg    . . .      Spirit   .   b - +0 leather armour
rPois   .          Reflect  .   (no helmet)
rElec   .          Harm     .   (no cloak)
rCorr   .          Rampage  .   (no gloves)
Will    .....                   (no boots)
Stlth   ++........              (no amulet)
HPRegen 0.06/turn               (no ring)
MPRegen 0.09/turn               (no ring)

@: no status effects
A: no striking features
a: no special abilities


You were on level 2 of the Dungeon.
You visited 1 branch of the dungeon, and saw 2 of its levels.

You collected 24 gold pieces.

Inventory:

Hand Weapons
 a - a +1 shortbow
 i - a +2 dagger of venom (weapon)
Armour
 b - a +0 leather armour (worn)
Scrolls
 c - 2 scrolls of immolation
 d - a scroll of noise {unknown}
 e - a scroll of enchant weapon {unknown}
 g - a scroll of teleportation {unknown}
Potions
 f - a potion of curing {unknown}
 h - a potion of haste {unknown}


   Skills:
 - Level 1.5 Fighting
 + Level 7.4 Bows
 - Level 2.4 Dodging
 - Level 1.2 Stealth


You had 2 spell levels left.
You didn't know any spells.
Your spell library contained the following spells:

 Spells                   Type           Power      Damage    Failure   Level
 Inner Flame              Hex/Fire       0%         N/A       80%         3
 Cause Fear               Hex            0%         N/A       99%         4
 Discord                  Hex            0%         N/A       100%        8


Dungeon Overview and Level Annotations

Branches:
Dungeon (2/15)

Altars:
Sif Muna

Annotations:
D:2 Robin, Terence


Message History

Unknown command.
Shoot: a) +1 shortbow
Press: ? - help, Q - select action Shift-Dir - straight line, f/p - kobold
Aim: a kobold, wielding a +2 dagger of venom and quivering stones (60% to hit)
You shoot an arrow. The arrow hits the kobold!
You kill the kobold!
Shoot: a) +1 shortbow
Press: ? - help, Q - select action Shift-Dir - straight line, f - you Really target yourself?
Okay, then.
Unknown command.
You start resting.
HP restored.
You see here a ball python corpse.
Things that are here:
a +2 dagger of venom; 3 stones
i - a +2 dagger of venom Terence shouts!
Terence is nearby!
Terence is nearby!
You shoot an arrow. The arrow hits Terence.
Terence is moderately wounded.
You shoot an arrow. The arrow completely misses Terence.
You shoot an arrow. The arrow barely misses Terence.
You shoot an arrow. The arrow hits Terence.
Terence is heavily wounded.
Terence hits you from afar with a +0 trident.
Your +2 dagger of venom begins to drip with poison!
i - a +2 dagger of venom (weapon)
Terence drinks a potion.
Terence goes berserk!
You closely miss Terence.
Terence is heavily wounded.
Terence hits you with a +0 trident!
Ouch! That really hurt!
* * * LOW HITPOINT WARNING * * *
Terence barely misses you.
You are too injured to fight recklessly!
You are too injured to fight recklessly!
Terence hits you from afar with a +0 trident!
You die...

#.#.......#######.
#.#.#.....+.....#.
#.#.#.....##..#.#.
#.#.#......#..#.#.
#.#.#......#..#...
#.###.K....#......
###@..##'#........#.
#........#...##.#.#.
#.#@#..(.#...##.#...
#.#.####.#...##†#.#.
#.#......#...##.#.##
#.#.#.####...##.#.#
#.#.#......####.#.##
#.#....###># #.#...
#.##...#...# #.####
#.#.(..#..## #.....
#.#...##..# ######


You could see Terence (berserk).

Vanquished Creatures
  An adder (D:2)
  A worm (D:2)
  3 dart slugs (D:1)
  4 bats
  4 endoplasms
  A giant cockroach (D:2)
  3 hobgoblins (D:1)
  6 jackals (D:1)
  5 quokkas
  7 ball pythons
  A frilled lizard (D:1)
  4 goblins
  3 kobolds
  A rat (D:1)
44 creatures vanquished.

Notes
Turn   | Place    | Note
-------+----------+-------------------------------------------
     0 | D:1      | siradein the Deep Elf Hunter began the quest for the Orb.
     0 | D:1      | Reached XP level 1. HP: 12/12 MP: 3/3
   108 | D:1      | Reached skill level 6 in Bows
   108 | D:1      | Reached XP level 2. HP: 16/16 MP: 4/4
   456 | D:1      | Reached XP level 3. HP: 20/20 MP: 5/5
   716 | D:1      | Found a shimmering blue altar of Sif Muna.
   744 | D:2      | Noticed Robin
   988 | D:2      | Reached skill level 7 in Bows
  1374 | D:2      | Noticed Terence
  1626 | D:2      | Slain by Terence

Illustrated notes

Levels and vault maps discovered:
D:1:      dpeg_arrival_lava_altar, layout_loops_ring
D:2:      layout_basic, ebering_ecumenical_altar_abandoned,
          minmay_misc_feat_plants, uniq_terence, uniq_robin

Skill      XL: |  1  2  3 |
---------------+----------+-----
Bows           | 6 7 |  7.4
Fighting       | |  1.5
Dodging        | |  2.4
Stealth        | |  1.2

Action                   || total
-------------------------++-------
Melee: Dagger            ||     1
 Fire: Shortbow          ||   103
Armor: Leather armour    ||    16
Dodge: Dodged            ||    31

Table legend: (Time is in decaauts)
 A = Elapsed time spent in this place.
 B = Non-inter-level travel time spent in this place.
 C = Inter-level travel time spent in this place.
 D = Time resting spent in this place.
 E = Time spent auto-exploring this place.
 F = Levels seen in this place.
 G = Mean time per level.
                   A        B        C        D        E       F      G
               +--------+--------+--------+--------+--------+-----+--------+
         Total |   1649 |   1593 |     56 |    397 |    925 |   2 |  824.5 |
       Dungeon |   1649 |   1593 |     56 |    397 |    925 |   2 |  824.5 |
               +--------+--------+--------+--------+--------+-----+--------+

Top non-repeatable levels by time:
     D:1: 875 daAuts
     D:2: 773 daAuts
